 Dungeon Crawl Stone Soup version 0.29-a0-839-g4793fd635e (webtiles) character file.

Game seed: 14069338587319316826

429 Malachi the Cutter (level 6, -1/44 HPs)
             Began as a Demonspawn Brigand on July 14, 2022.
             Slain by a river rat (8 damage)
             ... in a sewer.
             The game lasted 00:07:01 (2794 turns).

Malachi the Cutter (Demonspawn Brigand)             Turns: 2794, Time: 00:07:02

Health: -1/44      AC:  4    Str: 11    XL:     6   Next: 66%
Magic:  6/6        EV: 11    Int: 12    God:
Gold:   184        SH:  4    Dex: 17    Spells: 5/5 levels left

rFire   . . .      SeeInvis .   a - +2 dagger
rCold   . . .      Faith    .   (no shield)
rNeg    . . .      Spirit   .   b - +0 robe
rPois   .          Reflect  .   (no helmet)
rElec   .          Harm     .   c - +0 cloak
rCorr   .          Rampage  .   l - +0 pair of gloves
Will    .....                   (no boots)
Stlth   +++.......              (no amulet)
HPRegen 0.14/turn               (no ring)
MPRegen 0.10/turn               (no ring)

@: no status effects
A: hooves 1, condensation shield, demonic touch 2
a: no special abilities


You were in a sewer.
You visited 1 branch of the dungeon, and saw 4 of its levels.
You also visited: Sewer.

You collected 184 gold pieces.

Inventory:

Hand Weapons
 a - a +2 dagger (weapon)
 m - a +0 dagger of speed
 o - a +0 hand axe of electrocution
Missiles
 d - 9 poisoned darts (quivered)
 e - 3 curare-tipped darts
Armour
 b - a +0 robe (worn)
 c - a +0 cloak (worn)
 l - a +0 pair of gloves (worn)
Jewellery
 i - a ring of wizardry
 k - a ring of positive energy
Wands
 s - a wand of paralysis (4)
Scrolls
 h - a scroll of enchant weapon
 j - a scroll of teleportation
 q - a scroll of vulnerability {unknown}
Potions
 g - a potion of curing
 n - a potion of heal wounds {unknown}
 p - a potion of attraction {unknown}
 r - 5 potions of flight
 t - a potion of might


   Skills:
 - Level 2.0 Fighting
 * Level 6.5 Short Blades
 - Level 1.7 Throwing
 - Level 0.8 Dodging
 - Level 3.6 Stealth
 + Level 0.8 Shields


You had 5 spell levels left.
You didn't know any spells.
Your spell library was empty.

Dungeon Overview and Level Annotations

Branches:
Dungeon (4/15)              Sewer (1/1)
 Temple: D:4-7

Altars:

Shops:
D:1 ?


Innate Abilities, Weirdness & Mutations

You have large cloven feet.
A meltable shield of frost defends you. (SH +4)
Your touch may inflict irresistible damage on your foes.


Message History

HP restored.
Found two gates leading back out of this place.
You open the large door. 2 river rats come into view.
A river rat comes into view.
The river rat bites you.
There is a large open door here.
You hit the river rat.
The river rat is lightly wounded.
You barely miss the river rat. Your kick misses the river rat.
The river rat is lightly wounded.
The river rat bites you but does no damage.
The river rat bites you. The river rat completely misses you.
You barely miss the river rat.
You touch the river rat!
You kill the river rat!
The river rat barely misses you. The river rat bites you.
The river rat closely misses you. The river rat bites you.
You see here a river rat corpse.
You hit the river rat but do no damage. You hit the river rat.
You kick the river rat. Your touch misses the river rat.
The river rat is severely wounded.
The river rat bites you! x2
* * * LOW HITPOINT WARNING * * *
You hit the river rat but do no damage.
You kick the river rat, but do no damage.
The river rat is severely wounded.
You block the river rat's attack. The river rat bites you.
* * * LOW HITPOINT WARNING * * *
You block the river rat's attack. The river rat barely misses you.
There is a large open door here.
The river rat attacks as you move away! The river rat completely misses you.
Aiming: Paralyse
Press: ? - help, Shift-Dir - straight line, f - river rat
Aim: a river rat (severely wounded, chance to affect: 57%)
The river rat suddenly stops moving!
The helpless river rat fails to defend itself.
You perforate the river rat like a sieve!!!
You kill the river rat!
The river rat bites you!
You die...

≈≈≈≈≈≈≈≈≈≈≈≈≈≈≈≈≈≈≈≈≈≈≈≈≈≈≈≈≈≈≈≈≈
≈≈≈≈≈..≈.≈≈≈≈≈≈≈≈.≈.≈≈≈.≈.≈≈.≈≈.≈
#≈≈≈#######################≈≈≈###
#≈≈≈# ###### #≈≈≈# #≈≈≈# #....#
#≈≈≈# #†≈≈#####''#####++#####
#.≈≈# #†≈≈≈≈≈..............∩#
#≈≈≈# #†≈≈≈≈≈..............∩#
#≈≈≈#####'÷#####@'##### #.≈≈#
#....# #r†..# #≈≈≈# ###### ######
#≈≈≈# #≈≈≈≈ #.≈.≈≈ #≈≈≈≈.≈
#.≈≈####


You could see a river rat.

Vanquished Creatures
  A water moccasin (D:4)
  A black bear (D:3)
  Ijyb (D:3)
  10 adders
  3 river rats
  3 worms
  2 dart slugs
  2 orcs (D:4)
  12 bats
  8 endoplasms
  2 giant cockroaches
  5 hobgoblins
  2 jackals (Sewer)
  4 quokkas
  7 ball pythons
  8 frilled lizards
  8 goblins
  4 kobolds
  2 rats
85 creatures vanquished.

Notes
Turn   | Place    | Note
-------+----------+-------------------------------------------
     0 | D:1      | Malachi the Demonspawn Brigand began the quest for the Orb.
     0 | D:1      | Reached XP level 1. HP: 16/16 MP: 1/1
    40 | D:1      | Reached skill level 2 in Short Blades
   134 | D:1      | Found Cyedan's Magic Scroll Emporium.
   249 | D:1      | Discovered your monstrous ancestry.
   249 | D:1      | Gained mutation: Your touch may inflict minor irresistible
                  | damage on your foes. [demonic ancestry]
   249 | D:1      | Reached XP level 2. HP: 16/22 MP: 2/2
   637 | D:1      | Found a faded altar of an unknown god.
   642 | D:1      | Reached skill level 3 in Short Blades
   685 | D:2      | Reached XP level 3. HP: 10/27 MP: 3/3
  1384 | D:2      | Reached skill level 4 in Short Blades
  1384 | D:2      | Gained mutation: A meltable shield of frost defends you.
                  | (SH +4) [demonic ancestry]
  1384 | D:2      | Reached XP level 4. HP: 33/33 MP: 4/4
  1587 | D:3      | Noticed Ijyb
  1612 | D:3      | Killed Ijyb
  1964 | D:4      | Noticed a black bear
  1982 | D:3      | Killed a black bear
  1983 | D:3      | Reached skill level 5 in Short Blades
  1983 | D:3      | Gained mutation: Your touch may inflict irresistible damage
                  | on your foes. [demonic ancestry]
  1983 | D:3      | Reached XP level 5. HP: 16/38 MP: 5/5
  2097 | D:4      | Noticed a water moccasin
  2124 | D:4      | Killed a water moccasin
  2125 | D:4      | Reached skill level 6 in Short Blades
  2125 | D:4      | Gained mutation: You have large cloven feet. [demonic
                  | ancestry]
  2125 | D:4      | Reached XP level 6. HP: 23/44 MP: 6/6
  2302 | D:4      | Found a glowing drain.
  2310 | Sewer    | Entered a sewer
  2794 | Sewer    | Slain by a river rat

Illustrated notes

Levels and vault maps discovered:
D:1:      dpeg_arrival_water_temple_mockup, layout_basic, serial_shops, shop,
          hellmonk_ecumenical_altar_inner_sanctum
D:2:      layout_loops_ring, minmay_fractal_squares_5
D:3:      layout_basic, minivault_23, corexii_corridor_pit, uniq_ijyb
D:4:      layout_layer_cave, jmf_multi_god_temple, lightli_sewer_entry_pipes
Sewer:    sewer_fruit_machine

Skill      XL: |  1  2  3  4  5 |
---------------+----------------+-----
Short Blades   | 2 3 4 5 6 |  6.5
Fighting       | |  2.0
Throwing       | |  1.7
Dodging        | |  0.8
Stealth        | |  3.6
Shields        | |  0.8

Action                   |  1- 3 |  4- 6 || total
-------------------------+-------+-------++-------
Melee: Dagger            |    84 |   100 ||   184
       Touch             |    15 |    13 ||    28
       Punch             |     1 |       ||     1
       Kick              |       |    12 ||    12
Evoke: Wand              |       |     7 ||     7
  Use: Scroll            |       |     6 ||     6
       Potion            |       |     2 ||     2
 Stab: Sleeping          |    12 |     7 ||    19
       Paralysed         |       |     6 ||     6
Armor: Robe              |    33 |    42 ||    75
Dodge: Dodged            |    46 |    76 ||   122
Block: Other             |       |    26 ||    26

Table legend: (Time is in decaauts)
 A = Elapsed time spent in this place.
 B = Non-inter-level travel time spent in this place.
 C = Inter-level travel time spent in this place.
 D = Time resting spent in this place.
 E = Time spent auto-exploring this place.
 F = Levels seen in this place.
 G = Mean time per level.
                   A        B        C        D        E       F      G
               +--------+--------+--------+--------+--------+-----+--------+
         Total |   2814 |   2763 |     51 |    264 |   1546 |   5 |  562.8 |
       Dungeon |   2297 |   2246 |     51 |     10 |   1497 |   4 |  574.2 |
         Sewer |    517 |    517 |      0 |    254 |     49 |   1 |  517.0 |
               +--------+--------+--------+--------+--------+-----+--------+

Top non-repeatable levels by time:
     D:2: 848 daAuts
     D:1: 647 daAuts
   Sewer: 517 daAuts
     D:3: 464 daAuts
     D:4: 336 daAuts
